 Dungeon Crawl Stone Soup version 0.19.0 (webtiles) character file.

6 Magifyre the Scratcher (level 1, -1/9 HPs)
             Began as a Felid Transmuter on Nov 10, 2016.
             Slain by an adder (4 damage)
             ... on level 2 of the Dungeon.
             The game lasted 00:01:40 (719 turns).

Magifyre the Scratcher (Felid Transmuter)            Turns: 719, Time: 00:01:40

Health: -1/9       AC:  1    Str:  6    XL:     1   Next: 75%
Magic:  2/4        EV: 18    Int: 14    God:
Gold:   51         SH:  0    Dex: 16    Spells: 1 memorised, 3 levels left
                                        Lives:  0   Deaths: 0

rFire  . . .     SeeInvis +       - Unarmed
rCold  . . .     Gourm    .     (armour unavailable)
rNeg   . . .     Faith    .     (shield unavailable)
rPois  .         Spirit   .     (helmet unavailable)
rElec  .         Reflect  .     (cloak unavailable)
rCorr  .         Harm     .     (gloves unavailable)
MR     .....                    (boots unavailable)
Stlth  ++........               (no amulet)
                                (no ring)
                                k - ring of flight

@: appendage (expiring), very slightly contaminated, quick
A: no armour, no weapons or thrown items, stealth, claws 1, fangs 3, horns 2,
see invisible, carnivore 3, speed 1, shaggy fur 1, slow metabolism 1, sharp paws
a: End Transformation, Evoke Flight


You were on level 2 of the Dungeon.
You were full.
You had grown temporary horns.
You visited 1 branch of the dungeon, and saw 2 of its levels.

You collected 51 gold pieces.

Inventory:

Missiles
 a - 55 arrows
Jewellery
 k - a ring of flight (left paw)
Scrolls
 e - a scroll of identify {unknown}
 f - a scroll of immolation {unknown}
 g - a scroll of enchant armour {unknown}
 h - a scroll of blinking {unknown}
 j - a scroll of teleportation {unknown}
 l - a scroll of remove curse {unknown}
Potions
 i - 2 potions of might {unknown}
Books
 b - a book of Changes

   Spells                             Type                      Level
   a - Beastly Appendage              Transmutation                1
   b - Sticks to Snakes               Transmutation                2
   c - Spider Form                    Transmutation/Poison         3
   d - Ice Form                       Ice/Transmutation            4
   e - Blade Hands                    Transmutation                5
Comestibles
 c - a meat ration
 d - a beef jerky


   Skills:
 - Level 1.0 Fighting
 - Level 2.6 Dodging
 + Level 3.4 Unarmed Combat
 - Level 2.0 Spellcasting
 - Level 2.1 Transmutations


You had 3 spell levels left.
You knew the following spells:

 Your Spells              Type           Power        Failure   Level  Hunger
a - Beastly Appendage     Tmut           #.....       12%         1    ##.....


Dungeon Overview and Level Annotations

Branches:
Dungeon (1/15)

Altars:
Elyvilon
Fedhas
Okawaru
Uskayaw
Yredelemnul
Zin
The Shining One


Innate Abilities, Weirdness & Mutations

You cannot wear armour.
You are incapable of wielding weapons or throwing items.
Your paws allow you to move quietly. (Stealth)
You have sharp claws.
You have razor-sharp teeth.
You have supernaturally acute eyesight. (SInv)
You are carnivorous and can eat meat at any time.
You cover ground quickly.
You are covered in fur. (AC +1)
You have a slow metabolism.
Your sharp claws are effective at attacking unaware monsters.
You have a pair of horns on your head.


Message History

The frilled lizard misses you.
You scratch the frilled lizard but do no damage.
The frilled lizard is heavily wounded.
The frilled lizard completely misses you.
Casting: Beastly Appendage
Confirm with . or Enter, or press ? or * to list all spells.
You miscast Beastly Appendage.
You are very lightly contaminated with residual magic.
You feel a strange surge of energy! The frilled lizard bites you.
Casting: Beastly Appendage
Confirm with . or Enter, or press ? or * to list all spells.
You grow a pair of large bovine horns.
The frilled lizard misses you.
You scratch the adder.
The adder is severely wounded.
The adder bites you.
You scratch the adder.
The adder is severely wounded.
Your transformation is almost over.
The adder misses you. The adder bites you.
You die...

............# #.#
...#...###..# #.#
.....### #..# #.#
####.#####..# #.#
...........># #.#
.....#############.#####
.8.....................#
8.8...############.###.#
._.8..# #.......@Sl..#
8.8...# #.########.#.#
.8...## #.# #.#.# .....#
#.# #.# # #.##.####.#
#.# #.........# #.#
########### #.. ##


You could see an adder and a frilled lizard.

Vanquished Creatures
  A goblin (D:2)
  A hobgoblin (D:1)
  3 bats
  A rat (D:2)
6 creatures vanquished.

Notes
Turn   | Place    | Note
-------+----------+-------------------------------------------
     0 | D:1      | Magifyre the Felid Transmuter began the quest for the Orb.
     0 | D:1      | Reached XP level 1. HP: 9/9 MP: 4/4
   350 | D:1      | You fall through a shaft!
   350 | D:2      | Found a basalt altar of Yredelemnul.
   356 | D:2      | Found an iron altar of Okawaru.
   357 | D:2      | Found a white marble altar of Elyvilon.
   486 | D:2      | Found a faded altar of an unknown god.
   533 | D:2      | Found a blossoming altar of Fedhas.
   535 | D:2      | Found a glowing golden altar of the Shining One.
   535 | D:2      | Found a hide-covered altar of Uskayaw.
   535 | D:2      | Found a glowing silver altar of Zin.
   719 | D:2      | Slain by an adder

Action                   || total
-------------------------++-------
Melee: Unarmed           ||    20
       Punch             ||     1
       Bite              ||     1
 Cast: Beastly Appendage ||     1
  Eat: Chunk             ||     3
Armor: Skin              ||     4
Dodge: Dodged            ||    30
